 Dungeon Crawl Stone Soup version 0.29-a0-1016-g236c7fd91e (webtiles) character file.

Game seed: 7441797950285506126

7 skirvin the Slasher (level 1, -4/20 HPs)
             Began as a Minotaur Berserker on Aug 9, 2022.
             Was a Follower of Trog.
             Succumbed to their own poison gas
             ... on level 1 of the Dungeon.
             The game lasted 00:01:03 (221 turns).

skirvin the Slasher (Minotaur Berserker)             Turns: 221, Time: 00:01:03

Health: -4/20      AC:  3    Str: 21    XL:     1   Next: 83%
Magic:  0/0        EV: 12    Int:  4    God:    Trog [*.....]
Gold:   4          SH:  0    Dex:  9    Spells: 0/0 levels left

rFire   . . .      SeeInvis .   a - +0 falchion
rCold   . . .      Faith    .   (no shield)
rNeg    . . .      Spirit   .   b - +1 animal skin
rPois   .          Reflect  .   (helmet restricted)
rElec   .          Harm     .   (no cloak)
rCorr   .          Rampage  .   (no gloves)
Will    .....                   (no boots)
Stlth   +.........              (no amulet)
HPRegen 0.06/turn               (no ring)
MPRegen 0.07/turn               (no ring)

@: lethally poisoned (-4 -> -29)
A: horns 2, retaliatory headbutt
a: Renounce Religion, Berserk


You were on level 1 of the Dungeon.
You worshipped Trog.
Trog was aware of your devotion.
You visited 1 branch of the dungeon, and saw 1 of its levels.

You collected 4 gold pieces.

Inventory:

Hand Weapons
 a - a +0 falchion (weapon)
Armour
 b - a +1 animal skin (worn)


   Skills:
 + Level 3.9 Fighting
 + Level 3.9 Long Blades
 + Level 2.5 Armour
 + Level 2.2 Dodging


You couldn't memorise any spells.
You didn't know any spells.
Your spell library was empty.

Dungeon Overview and Level Annotations

Branches:
Dungeon (1/15)

Altars:


Innate Abilities, Weirdness & Mutations

You have a pair of horns on your head.
You reflexively headbutt those who attack you in melee.


Message History

The hobgoblin is heavily wounded.
The bat barely misses you. The hobgoblin hits you.
You hit the hobgoblin but do no damage.
The hobgoblin is heavily wounded.
The bat closely misses you. You furiously retaliate!
You headbutt the bat!
You kill the bat!
Trog accepts your kill. The hobgoblin hits you.
You hit the hobgoblin.
You kill the hobgoblin!
Trog accepts your kill. The endoplasm closely misses you.
You hit the endoplasm. You headbutt the endoplasm.
You kill the endoplasm!
Trog accepts your kill. The kobold hits you but does no damage.
You completely miss the kobold. The kobold hits you with a +0 club.
You closely miss the kobold. The kobold hits you with a +0 club.
The kobold misses you.
You hit the kobold. You headbutt the kobold.
You kill the kobold!
Trog accepts your kill.
You see here a +0 club.
You start resting.
HP restored.
As you read the scroll labelled RESETACUOQ, it crumbles to dust.
It is a scroll of enchant armour.
Your +0 animal skin glows green for a moment.
The air fills with toxic fumes!
As you read the scroll labelled RAJUNTUIN VAPS, it crumbles to dust.
It was a scroll of poison.
Really walk into that cloud of poison gas? [Y]es or [N]o only, please.
Really walk into that cloud of poison gas?
You are engulfed in poison gas.
You are poisoned.
You feel very sick.
You are engulfed in poison gas.
You are more poisoned.
* * * LOW HITPOINT WARNING * * *
You die...

...........+ .
#.............# .
#§§§§§§.......# ##.
##§§§§§§....... ..#
.§§§§§§§......
#.###### .§§§§§§§.....
........ .§§§§§§§...†#
###.######
#§§§§§###§#####...#
#§§.§@§§§§§#..#.#
#§§§§##.##....#.#
#§§§§##.####..#.######
#§§§§##.# #..#.......
#§§§§§..# #..#.######
#§#§##### #..#.# #
§§#§. ...#.# §###§#
#.##.# #. #. ....#


There were no monsters in sight!

Vanquished Creatures
  A bat (D:1)
  An endoplasm (D:1)
  A giant cockroach (D:1)
  A hobgoblin (D:1)
  A kobold (D:1)
5 creatures vanquished.

Notes
Turn   | Place    | Note
-------+----------+-------------------------------------------
     0 | D:1      | skirvin the Minotaur Berserker began the quest for the Orb.
     0 | D:1      | Reached XP level 1. HP: 19/19 MP: 0/0
   221 | D:1      | HP: 1/20 [cloud of poison gas (7)]
   221 | D:1      | Succumbed to their own poison gas

Illustrated notes

Levels and vault maps discovered:
D:1:      roderic_chinese_lattice_arrival, layout_basic, serial_corexii_hall,
          corexii_hall_statues_deadend, corexii_hall_statues_i,
          chequers_arboretum

Action                   || total
-------------------------++-------
Melee: Falchion          ||    10
       Headbutt          ||     2
  Use: Scroll            ||     2
Armor: Animal skin       ||     3
Dodge: Dodged            ||     7

Table legend: (Time is in decaauts)
 A = Elapsed time spent in this place.
 B = Non-inter-level travel time spent in this place.
 C = Inter-level travel time spent in this place.
 D = Time resting spent in this place.
 E = Time spent auto-exploring this place.
 F = Levels seen in this place.
 G = Mean time per level.
                   A        B        C        D        E       F      G
               +--------+--------+--------+--------+--------+-----+--------+
         Total |    222 |    222 |      0 |    152 |      0 |   1 |  222.0 |
       Dungeon |    222 |    222 |      0 |    152 |      0 |   1 |  222.0 |
               +--------+--------+--------+--------+--------+-----+--------+

Top non-repeatable levels by time:
     D:1: 222 daAuts
